 Dungeon Crawl Stone Soup version 0.24-a0-161-g3f7990a (webtiles) character file.

Game seed: 8830811337447983863

2490 Dfrag the Firebug (level 9, -9/68 HPs)
             Began as a Naga Fire Elementalist on Mar 5, 2019.
             Was a Follower of Vehumet.
             Engulfed by a cloud of flame (30 damage)
             ... on level 6 of the Dungeon.
             The game lasted 00:12:33 (5543 turns).

Dfrag the Firebug (Naga Fire Elementalist)          Turns: 5543, Time: 00:12:33

Health: -9/68      AC:  7    Str: 13    XL:     9   Next: 52%
Magic:  17/19      EV: 10    Int: 19    God:    Vehumet [*.....]
Gold:   505        SH:  0    Dex: 14    Spells: 8/21 levels left

rFire    . . .     SeeInvis +   j - +5 dagger (flame)
rCold    . . .     Gourm    .   (no shield)
rNeg     + . .     Faith    .   e - +1 robe of Nukodghoato {Str+3}
rPois    +         Spirit   .   w - +0 helmet
rElec    .         Reflect  .   s - +0 cloak
rCorr    .         Harm     +   (no gloves)
MR       +....                  (no barding)
Stlth    ++........             k - amulet of harm
HPRegen  0.21/turn              r - +2 ring of dexterity
MPRegen  0.16/turn              A - ring of positive energy

@: very slightly contaminated, invisible (expiring), very slow
A: large, see invisible, deformed body, poison resistance, slowness 2, slow
metabolism 1, spit poison 1, AC +3
a: Spit Poison, Renounce Religion


You were on level 6 of the Dungeon.
You worshipped Vehumet.
Vehumet was aware of your devotion.
You were very hungry.

You visited 1 branch of the dungeon, and saw 8 of its levels.

You collected 505 gold pieces.

Inventory:

Hand Weapons
 j - a +5 dagger of flaming (weapon)
Armour
 a - a +0 robe
 e - the +1 robe of Nukodghoato (worn) {Str+3}
   (You found it on level 4 of the Dungeon)

   It affects your strength (+3).
 s - a +0 cloak (worn)
 w - a +0 helmet (worn)
 C - a scarf of spirit shield
Jewellery
 k - an amulet of harm (around neck)
 r - a +2 ring of dexterity (left hand)
 A - a ring of positive energy (right hand)
Scrolls
 d - 2 scrolls of enchant armour
 f - a scroll of amnesia
 h - a scroll of identify
 i - 2 scrolls of magic mapping
 l - 2 scrolls of remove curse
 n - 2 scrolls of teleportation
 t - a scroll of random uselessness {unknown}
 u - a scroll of enchant weapon {unknown}
 x - a scroll of silence {unknown}
Potions
 g - a potion of degeneration {unknown}
 p - 3 potions of flight
 q - a potion of mutation {unknown}
 v - 4 potions of heal wounds {unknown}
 B - a potion of brilliance {unknown}
Comestibles
 c - 14 rations


   Skills:
 - Level 1.5 Dodging
 - Level 3.0 Stealth
 + Level 6.9 Spellcasting
 + Level 7.3 Conjurations
 + Level 7.8 Fire Magic


You had 8 spell levels left.
You knew the following spells:

 Your Spells              Type           Power        Failure   Level  Hunger
a - Flame Tongue          Conj/Fire      #####        1%          1    None
b - Conjure Flame         Conj/Fire      #####...     1%          3    #......
c - Sticky Flame          Conj/Fire      #####...     4%          4    ###....
d - Fireball              Conj/Fire      #####.....   12%         5    #####..

Your spell library contained the following spells:

 Spells                   Type           Power        Failure   Level  Hunger
 Sandblast                Erth           #.....       11%         1    None
 Throw Flame              Conj/Fire      #####.       1%          2    None
 Inner Flame              Hex/Fire       ###.....     6%          3    #......
 Animate Skeleton         Necr           N/A          11%         1    None
 Pain                     Necr           #...         11%         1    None
 Summon Small Mammal      Summ           #...         11%         1    None
 Call Imp                 Summ           #.......     16%         2    None
 Call Canine Familiar     Summ           #.......     30%         3    #......
 Regeneration             Chrm/Necr      #.........   30%         3    #......
 Summon Guardian Golem    Hex/Summ       #.......     30%         3    #......
 Vampiric Draining        Necr           #.........   30%         3    #......
 Animate Dead             Necr           N/A          71%         4    ###....
 Summon Ice Beast         Ice/Summ       #.......     71%         4    ###....
 Summon Lightning Spire   Summ/Air       #.......     71%         4    ###....


Dungeon Overview and Level Annotations

Branches:
Dungeon (8/15)
 Temple: D:4-7         Lair: D:8-11

Altars:
Cheibriados
Dithmenos
Elyvilon
Qazlal
Ru
Sif Muna
Vehumet
Wu Jian

Annotations:
D:6 Clumpoid's ghost, novice GrMo


Innate Abilities, Weirdness & Mutations

You cannot wear boots.
Your serpentine skin is tough. (AC +3)
You have supernaturally acute eyesight. (SInv)
Armour fits poorly on your strangely shaped body.
Your system is resistant to poisons. (rPois)
You cover ground very slowly.
You have a slow metabolism.
You can spit poison.


Message History

Unknown command.
Evoke which item? (* to show all) (? for menu, Esc to quit)
You don't have any such object.
Evoke which item? (* to show all) (? for menu, Esc to quit)
Okay, then.
Unknown command.
Unknown command.
You feel better. Clumpoid's ghost hits you.
Unknown command.
Evoke which item? (* to show all) (? for menu, Esc to quit)
Aiming: Corrosive Bolt
Press: ? - help, Shift-Dir - straight line, f/p - Clumpoid's ghost
Aim: Clumpoid's ghost (noxious fumes)
The bolt of acid hits Clumpoid's ghost.
Clumpoid's ghost is lightly damaged.
The now-empty wand crumbles to dust.
Clumpoid's ghost hits you.
Unknown command.
Really slither into that cloud of flame?
You are engulfed in blazing flames.
You die...

..##..⌠P=## #.#.#....########.
.##8.....8## #........'....# #.
.#?......./# ##.##....####.# ##
.#P.......P# #...<#.....#.# #
.#⌠.......⌠# ####.#.###.#.# #
.#.........# #§§.....#..#.####
.####'''### #§##.####.##.....
..........#######W##......#######
..........'.....@.######### #
..........#######○# # ..........#
#°# # ########### ### # #


You could see Clumpoid's ghost.

Vanquished Creatures
  The ghost of lukano the Chucker, a novice GrHu (D:6)
  A hippogriff (D:5)
  Menkaure (D:6)
  The ghost of toni2068 the Sneak, an amateur SpEn (D:3)
  An ogre (D:6)
  A black bear (D:7)
  A sky beast (D:6)
  2 scorpions
  4 wights (D:6)
  A howler monkey (D:4)
  2 crimson imps
  A bullfrog zombie (D:6)
  A centaur zombie (D:3)
  3 hounds (D:6)
  A quasit (D:4)
  An orc priest (D:4)
  Crazy Yiuf (D:5)
  A bullfrog skeleton (D:7)
  A centaur skeleton (D:4)
  An iguana (D:4)
  Jessica (D:2)
  Natasha (thrice) (D:2)
  A worker ant (D:6)
  6 orc wizards
  A hound zombie (D:5)
  2 worker ant zombies
  7 gnolls
  8 adders
  3 shadow imps (D:5)
  2 oozes
  2 adder zombies
  6 worms
  3 dart slugs
  7 leopard geckos
  14 orcs
  6 giant cockroaches
  6 goblins
  18 hobgoblins
  9 jackals
  9 kobolds
  3 quokkas
  3 ball pythons
  8 bats
  8 frilled lizards
  13 rats
176 creatures vanquished.

Vanquished Creatures (others)
  4 toadstools (D:5)
  3 withered plants (D:6)
7 creatures vanquished.

Grand Total: 183 creatures vanquished

Notes
Turn   | Place    | Note
-------+----------+-------------------------------------------
     0 | D:1      | Dfrag the Naga Fire Elementalist began the quest for the
                  | Orb.
     0 | D:1      | Reached XP level 1. HP: 15/15 MP: 3/3
    75 | D:1      | Reached XP level 2. HP: 17/22 MP: 0/5
   204 | D:1      | Reached XP level 3. HP: 18/28 MP: 0/6
   209 | D:1      | Learned a level 3 spell: Conjure Flame
   733 | D:2      | Noticed Natasha
   742 | D:2      | Killed Natasha
   742 | D:2      | Reached XP level 4. HP: 14/36 MP: 4/8
   954 | D:1      | Learned a level 4 spell: Sticky Flame
  1044 | D:2      | Noticed Natasha
  1052 | D:2      | Killed Natasha
  1052 | D:2      | Reached XP level 5. HP: 39/42 MP: 2/9
  1213 | D:2      | Noticed Jessica
  1216 | D:2      | Killed Jessica
  1436 | D:2      | Noticed Natasha
  1439 | D:2      | Killed Natasha
  1700 | D:3      | Found a runed translucent gate.
  1700 | D:3      | Found a runed translucent gate.
  1701 | D:3      | Found a runed translucent gate.
  1703 | D:3      | Noticed toni2068's ghost (amateur SpEn)
  1866 | D:3      | Reached XP level 6. HP: 32/49 MP: 8/11
  1954 | D:3      | Found a sacrificial altar of Ru.
  2439 | D:3      | Found a deep blue altar of Sif Muna.
  2583 | D:3      | Killed toni2068's ghost
  2583 | D:3      | Reached XP level 7. HP: 37/55 MP: 8/13
  2639 | D:4      | Reached skill level 5 in Fire Magic
  2672 | D:4      | Learned a level 5 spell: Fireball
  2765 | D:4      | Got a brightly glowing robe
  2776 | D:4      | Identified the +1 robe of Nukodghoato {Str+3} (You found it
                  | on level 4 of the Dungeon)
  3056 | D:4      | Got a blackened falchion
  3057 | D:4      | Identified the +1 falchion "Paitet" {antimagic, *Slow MR+
                  | Stlth+} (You found it on level 4 of the Dungeon)
  3398 | D:5      | Entered Level 5 of the Dungeon
  3407 | D:5      | Found a stormy altar of Qazlal.
  3443 | D:5      | Found a radiant altar of Vehumet.
  3447 | D:5      | Found a shadowy altar of Dithmenos.
  3451 | D:5      | Became a worshipper of Vehumet
  3509 | D:5      | Reached skill level 5 in Conjurations
  3617 | D:5      | Noticed a hippogriff
  3631 | D:5      | Killed a hippogriff
  3631 | D:5      | Reached skill level 5 in Spellcasting
  3631 | D:5      | Reached XP level 8. HP: 55/62 MP: 3/15
  3819 | D:5      | Found an ornate altar of the Wu Jian Council.
  3896 | D:5      | Found a runed translucent door.
  3897 | D:5      | Noticed Crazy Yiuf
  4142 | D:5      | Killed Crazy Yiuf
  4529 | D:6      | Noticed Menkaure
  4550 | D:7      | Reached * piety under Vehumet
  4550 | D:7      | Offered knowledge of Sandblast by Vehumet.
  4840 | D:6      | Killed Menkaure
  4840 | D:6      | Reached XP level 9. HP: 68/68 MP: 11/18
  4919 | D:6      | Found a white marble altar of Elyvilon.
  4983 | D:6      | Found a snail-covered altar of Cheibriados.
  5194 | D:6      | Found a runed translucent gate.
  5194 | D:6      | Found a runed translucent gate.
  5194 | D:6      | Found a runed translucent gate.
  5194 | D:6      | Noticed Clumpoid's ghost (novice GrMo)
  5195 | D:6      | Noticed lukano's ghost (novice GrHu)
  5535 | D:6      | Killed lukano's ghost
  5543 | D:6      | Engulfed by a cloud of flame

Levels and vault maps discovered:
D:1:      dpeg_cavernosity, layout_rooms
D:2:      layout_loops_cross, uniq_jessica, uniq_natasha
D:3:      kennysheep_big_flooded_room, layout_basic,
          nicolae_ru_great_annihilating_truth, led_sif_pool,
          gammafunk_ghost_necromancy, minmay_misc_feat_ornament
D:4:      layout_rooms, first_ration, minmay_quantized
D:5:      layout_gridville, minitemple, kennysheep_mini,
          minmay_gold_behind_fungi, uniq_crazy_yiuf_cottage
D:6:      layout_basic, old_standard_altar, old_standard_altar,
          gammafunk_ghost_cemetery, uniq_menkaure
D:7:      layout_cave_pools, kennysheep_mini_moat,
          minmay_temple_entry_enclosed_plants, grunt_ogre_cave
D:8:      nicolae_whirlpool, layout_basic

Skill      XL: |  1  2  3  4  5  6  7  8  9 |
---------------+----------------------------+-----
Conjurations   | 2 3 4 5 6 7 |  7.3
Spellcasting   | 3 4 5 6 |  6.9
Fire Magic     | 4 6 7 |  7.8
Dodging        | |  1.5
Stealth        | |  3.0

Action                   |  1- 3 |  4- 6 |  7- 9 || total
-------------------------+-------+-------+-------++-------
Melee: Unarmed           |    16 |       |       ||    16
       Dagger            |       |    33 |    49 ||    82
 Cast: Flame Tongue      |    38 |    59 |   127 ||   224
       Sticky Flame      |       |       |    16 ||    16
       Fireball          |       |       |     3 ||     3
       Conjure Flame     |       |       |     2 ||     2
 Abil: Spit Poison       |    30 |    28 |    19 ||    77
Evoke: Wand              |       |     1 |    14 ||    15
  Use: Potion            |       |     1 |     2 ||     3
       Scroll            |       |       |     8 ||     8
 Stab: Sleeping          |       |       |     1 ||     1
  Eat: Chunk             |     1 |     6 |    12 ||    19
Armor: Robe              |    19 |    19 |    53 ||    91
Dodge: Dodged            |    39 |    44 |    89 ||   172

Table legend:
 A = Non-vault XP
 B = Vault XP
 C = Vault XP percentage of total XP
 D = Non-vault monster count
 E = Vault monster count
 F = Vault count percentage of total count
                 A         B        C        D         E       F
            +---------+---------+-------+---------+---------+-------
      Total |    2260 |    1298 |  36.5 |     156 |      20 |  11.4
            +---------+---------+-------+---------+---------+-------
        D:1 |      70 |      13 |  15.7 |      38 |       4 |   9.5
        D:2 |     117 |      73 |  38.4 |      25 |       2 |   7.4
        D:3 |     120 |     234 |  66.1 |      26 |       9 |  25.7
        D:4 |     332 |     121 |  26.7 |      20 |       2 |   9.1
        D:5 |     470 |      40 |   7.8 |      18 |       1 |   5.3
        D:6 |     891 |     817 |  47.8 |      22 |       2 |   8.3
        D:7 |     260 |       0 |   0.0 |       7 |       0 |   0.0
            +---------+---------+-------+---------+---------+-------
